 Dungeon Crawl Stone Soup version 0.24.0-125-gc4c63601f3 (webtiles) character file.

Game seed: 13322346151777993772, levelgen mode: deterministic

1040 straycat the Sneak (level 8, -1/60 HPs)
             Began as a Vampire Fighter on Mar 9, 2020.
             Slain by a gnoll
             ... wielding a +1 whip of electrocution
              (9 damage)
             ... on level 5 of the Dungeon on Mar 10, 2020.
             The game lasted 00:27:18 (4036 turns).

straycat the Sneak (Vampire Fighter)                Turns: 4036, Time: 00:27:19

Health: -1/60      AC:  9    Str: 17    XL:     8   Next: 4%
Magic:  8/8        EV: 13    Int: 11    God:
Gold:   211        SH:  5    Dex: 13    Spells: 7/7 levels left

rFire    + . .     SeeInvis +   a - +0 rapier
rCold    . . .     Gourm    .   p - +0 buckler
rNeg     . . .     Faith    .   q - +0 ring mail
rPois    +         Spirit   .   (no helmet)
rElec    .         Reflect  .   x - +0 cloak
rCorr    .         Harm     .   (no gloves)
MR       +....                  (no boots)
Stlth    ++........             f - amulet of inaccuracy (curse)
HPRegen  0.40/turn              e - ring of protection from magic
MPRegen  0.11/turn              r - ring of flight

@: regenerating quickly
A: no food, fangs 3, slimy green scales 1, see invisible, fire resistance 1,
sense surroundings 1, poison resistance, unbreathing
a: Exsanguinate, Evoke Flight


You were on level 5 of the Dungeon.
You were alive.

You visited 1 branch of the dungeon, and saw 5 of its levels.
You also visited: Ossuary.

You collected 211 gold pieces.

Inventory:

Hand Weapons
 a - a +0 rapier (weapon)
 i - a +0 spear
 w - a +1 dagger of speed
Missiles
 g - 2 poisoned darts
 h - 34 arrows
 n - a throwing net
 o - 3 boomerangs (quivered)
 y - 15 bolts
Armour
 b - a +0 scale mail
 c - a +0 shield
 p - a +0 buckler (worn)
 q - a +0 ring mail (worn)
 x - a +0 cloak (worn)
Jewellery
 e - a ring of protection from magic (left hand)
 f - a cursed amulet of inaccuracy (around neck)
 r - a ring of flight (right hand)
 s - an uncursed ring of protection from fire
Wands
 d - a wand of digging (5)
 z - a wand of scattershot (5)
Scrolls
 k - 3 scrolls of remove curse
 u - a scroll of identify
Potions
 j - a potion of heal wounds
 l - a potion of magic
 m - a potion of agility
 t - a potion of brilliance


   Skills:
 + Level 4.1 Fighting
 - Level 4.1 Short Blades
 + Level 3.9 Armour
 * Level 5.3 Dodging
 + Level 5.3 Stealth
 - Level 4.1 Shields


You had 7 spell levels left.
You didn't know any spells.
Your spell library was empty.

Dungeon Overview and Level Annotations

Branches:
Dungeon (5/15)            Ossuary (visited)
 Temple: D:4-7

Altars:

Shops:
D:5 [

Annotations:
D:4 Natasha


Innate Abilities, Weirdness & Mutations

You do not eat.
Your natural rate of healing is unusually fast.
You have razor-sharp teeth.
You have supernaturally acute eyesight. (SInv)
You can survive without breathing.
You are partially covered in slimy green scales. (AC +2)
Your flesh is heat resistant. (rF+)
You passively map a small area around you.
Your system is resistant to poisons. (rPois)


Message History

The gnoll hits you but does no damage.
You hit the gnoll.
The gnoll is almost dead.
The gnoll hits you but does no damage.
You barely miss the gnoll.
The gnoll is almost dead.
The gnoll barely misses you.
You hit the gnoll but do no damage.
The gnoll is almost dead.
You block the gnoll's attack.
You hit the gnoll but do no damage.
The gnoll is almost dead.
The gnoll hits you with a +1 whip of electrocution.
* * * LOW HITPOINT WARNING * * *
You closely miss the gnoll.
The gnoll is almost dead.
The gnoll hits you with a +1 whip of electrocution.
* * * LOW HITPOINT WARNING * * *
You are electrocuted!
You die...

#.[)####..#.....###, , , .. ....
..[######.#.....# *...... ...##..
....##......##..# ..........#....
#.......##...##.###..............
........###.....#........#''#..#.
.######..##...#.#.......# ##.#.
.#....#......##.....##..## ##.##
.###..#.......#g.........####..#.
......#...##....@..#......##....)
.###..#.#..#>...#..............#.
.#....#.......†.#....#...#.(..#.(
.######......)..#....#...##......
...............).#...†.......####
......................#......#* #
.....................##......# .
.....................##..........
.....................##.....#....


You could see a gnoll.

Vanquished Creatures
  Sigmund (D:3)
  An ogre (D:4)
  The ghost of greedy the Twirler, an amateur DsGl (D:3)
  A wolf (D:4)
  A crimson imp (D:5)
  An orc priest (D:5)
  2 hounds
  An orc wizard (D:5)
  A gnoll shaman (D:5)
  Terence (D:3)
  3 worker ants
  Natasha (D:4)
  A hound zombie (D:4)
  A hound skeleton (D:4)
  13 gnolls
  8 adders
  An ooze (D:4)
  An adder skeleton (D:3)
  3 worms (D:2)
  5 dart slugs
  4 leopard geckos
  2 orcs (D:5)
  4 bats
  2 giant cockroaches (D:3)
  6 goblins
  6 hobgoblins
  6 jackals
  2 quokkas
  A ball python (D:2)
  4 frilled lizards
  A giant cockroach zombie (D:5)
  A goblin zombie (D:5)
  A jackal skeleton (D:3)
  12 kobolds
  A leopard gecko skeleton (D:5)
  A quokka zombie (D:5)
  13 rats
115 creatures vanquished.

Notes
Turn   | Place    | Note
-------+----------+-------------------------------------------
     0 | D:1      | straycat the Vampire Fighter began the quest for the Orb.
     0 | D:1      | Reached XP level 1. HP: 17/17 MP: 1/1
   120 | D:1      | Reached skill level 1 in Stealth
   139 | D:1      | Reached XP level 2. HP: 23/23 MP: 2/2
   220 | D:1      | Reached skill level 1 in Dodging
   590 | D:2      | Reached XP level 3. HP: 22/28 MP: 3/3
   787 | D:2      | Reached XP level 4. HP: 34/34 MP: 4/4
   975 | D:3      | Noticed Sigmund
   998 | D:3      | Killed Sigmund
   998 | D:3      | Reached XP level 5. HP: 19/41 MP: 5/5
  1001 | D:3      | Reached XP level 6. HP: 16/47 MP: 6/6
  1214 | D:3      | Noticed Terence
  1224 | D:3      | Killed Terence
  1373 | D:3      | Found a runed translucent door.
  1373 | D:3      | Noticed greedy's ghost (amateur DsGl)
  1402 | D:3      | Killed greedy's ghost
  1537 | D:3      | Gained mutation: You passively map a small area around you.
                  | [potion of mutation]
  1537 | D:3      | Gained mutation: Your system is resistant to poisons.
                  | (rPois) [potion of mutation]
  1537 | D:3      | Gained mutation: You are partially covered in slimy green
                  | scales. (AC +2) [potion of mutation]
  1537 | D:3      | Gained mutation: Your flesh is heat resistant. (rF+)
                  | [potion of mutation]
  1623 | D:4      | Noticed Natasha
  2346 | D:4      | Killed Natasha
  2449 | D:4      | Reached XP level 7. HP: 44/52 MP: 7/7
  3176 | D:5      | Entered Level 5 of the Dungeon
  3208 | D:4      | Noticed Natasha
  3409 | D:5      | Reached skill level 5 in Stealth
  3464 | D:5      | Found a sand-covered staircase.
  3488 | Ossuary  | Entered an ossuary
  3537 | D:5      | Reached skill level 5 in Dodging
  3645 | D:5      | Found Higum's Antique Armour Shop.
  3909 | D:5      | Reached XP level 8. HP: 50/60 MP: 8/8
  4036 | D:5      | Slain by a gnoll

Levels and vault maps discovered:
D:1:      dpeg_arrival_chase, layout_basic
D:2:      layout_rooms, kennysheep_generic_room_3
D:3:      layout_basic, gammafunk_ghost_grave, first_ration, uniq_terence,
          uniq_sigmund
D:4:      layout_basic, kennysheep_generic_room_13, uniq_natasha
D:5:      layout_cave_pools, grunt_dithmenos_shadows,
          minmay_temple_entry_proselytizer, serial_gnoll_camp,
          gnoll_camp_mini_hut, gnoll_camp_huts_moat, gnoll_camp_mini_hut,
          gnoll_camp_medium_02, gnoll_camp_mini_shop, gnoll_camp_mini_basic,
          enter_ossuary_4

Skill      XL: |  1  2  3  4  5  6  7 |
---------------+----------------------+-----
Stealth        | 1 2 3 4 5 |  5.3
Dodging        | 1 2 3 4 5 |  5.3
Shields        | 3 4 |  4.1
Fighting       | 3 4 |  4.1
Short Blades   | 3 4 |  4.1
Armour         | 3 |  3.9

Action                   |  1- 3 |  4- 6 |  7- 9 || total
-------------------------+-------+-------+-------++-------
Melee: Rapier            |   111 |   216 |   300 ||   627
       Bite              |     7 |    29 |    26 ||    62
  Use: Potion            |       |     2 |     3 ||     5
       Scroll            |       |    10 |     5 ||    15
 Stab: Sleeping          |       |     1 |     1 ||     2
       Distracted        |       |       |     2 ||     2
Armor: Scale mail        |    50 |    41 |       ||    91
       Ring mail         |       |    24 |   106 ||   130
Dodge: Dodged            |    28 |    82 |   190 ||   300
Block: Shield            |    66 |   109 |   155 ||   330
       Buckler           |       |       |    25 ||    25
